Map: Ley Lines

Players

wootwoot - Winner!

  • Race: Zerg Zerg
  • League: Diamond
  • Spawn Location: 1:00

NVCure

  • Race: Terran Terran
  • League: Master
  • Spawn Location: 7:00

VOD

Have the link to the VOD?

Description

Time

  • Played on: April 22, 2025, 7:49 a.m.
  • Length: 5:44
Show
View Real Time Build Order
Export as new Build Order

wootwoot Zerg - Winner!

Build Orders: Hatch First, Zergling Baneling 

Get SALT Encoding   

  12  0:01  Drone  
  13  0:12  Overlord  
  13  0:16  Drone  
  14  0:31  Drone x2  
  16  0:47  Hatchery  
  16  0:49  Drone  
  16  0:53  Drone  
  16  0:56  Drone  
  18  1:00  Extractor  
  17  1:12  Spawning Pool  
  17  1:16  Drone  
  17  1:19  Drone  
  18  1:28  Drone  
  19  1:39  Overlord  
  19  2:00  Metabolic Boost  
  19  2:02  Queen x2  
  19  2:06  Zergling x2  
  24  2:10  Zergling x2  
  24  2:12  Zergling x2  
  26  2:16  Zergling x2  
  26  2:20  Zergling x2  
  28  2:23  Zergling x2  
  29  2:30  Baneling Nest  
  29  2:32  Drone  
  29  2:36  Zergling x2  
  29  2:41  Zergling x2  
  29  2:47  Zergling x4  
  31  2:55  Zergling x4  
  33  3:05  Overlord  
  33  3:06  Overlord  
  33  3:14  Zergling x4  
  33  3:18  Zergling x2  
  35  3:27  Baneling x4  
  35  3:29  Baneling x2  
  35  3:36  Zergling x2  
  35  3:37  Zergling x6  
  39  3:55  Zergling x6  
  36  3:56  Zergling x2  
  36  3:57  Zergling x4  
  39  4:03  Zergling x2  
  39  4:05  Zergling x2  
  37  4:10  Zergling x2  
  37  4:12  Zergling x2  
  38  4:17  Zergling x4  
  38  4:23  Drone  
  40  4:30  Drone x2  
  41  4:33  Baneling  
  41  4:34  Baneling x4  
  41  4:37  Drone  
  42  4:48  Drone x2  
  42  4:51  Drone  
  44  4:53  Drone x2  
  44  4:58  Drone x2  
  46  5:09  Drone  
  46  5:10  Drone x3  
  46  5:14  Drone x2  
  46  5:23  Overlord  
  46  5:24  Overlord  
  46  5:26  Extractor  
  46  5:27  Extractor  
  46  5:28  Extractor  
Show
View Real Time Build Order
Export as new Build Order

NVCure Terran 

Build Orders: Reaper Expand 

Get SALT Encoding   

  12  0:00  SCV  
  13  0:12  SCV  
  14  0:17  Supply Depot  
  14  0:24  SCV  
  15  0:39  SCV  
  15  0:41  Barracks  
  16  0:44  Refinery  
  16  0:51  SCV  
  17  1:03  SCV  
  18  1:15  SCV  
  19  1:27  Orbital Command  
  19  1:29  Reaper  
  20  1:40  Command Center  
  20  1:46  Supply Depot  
  20  1:53  SCV  
  21  2:00  Marine  
  22  2:06  SCV  
  23  2:12  Factory  
  23  2:22  Barracks Reactor  
  23  2:26  SCV  
  24  2:47  Command Center  
  24  2:53  Orbital Command  
  24  2:57  SCV  
  25  3:02  Starport  
  25  3:06  Refinery  
  25  3:08  Hellion  
  25  3:11  Hellion  
  28  3:21  SCV  
  28  3:23  Barracks Tech Lab  
  28  3:33  Bunker  
  28  3:35  Engineering Bay  
  28  3:37  SCV  
  28  3:40  Bunker  
  28  3:41  Hellion  
  30  3:49  SCV  
  30  4:01  SCV  
  29  4:13  SCV  
  29  4:20  Hellion  
  29  4:33  Orbital Command  
  29  4:51  SCV  
  30  4:53  Factory Tech Lab  
  11  5:03  SCV  
Tags
 
Add a new tag
Caveats
  • Supply blocks, unpowered buildings, or Contaminate may cause inaccurate times.
  • Supply counts are checked every 10 seconds.